| TOP OF THE 1ST |
|
Bluefield Blue Jays batting - Pitching for Oakland (APP) Athletics : RHP Kyle Rasor
|
|
Pitching: RHP Kyle Rasor
|
|
|
Batting: RHB Justin Geiger
|
0-0: Ball 1-0: Called Strike 1-1: Foul Ball, location: 2F 1-2: Fly out, F9 (Line Drive, 9D, EV 106.3 MPH)
|
|
Batting: RHB Justin Powell
|
0-0: Called Strike 0-1: Foul Ball, location: 2F 0-2: Foul Ball, location: 2F 0-2: Fly out, F8 (Flyball, 8RD, EV 105.6 MPH)
|
|
Batting: RHB Taylor Peavey
|
0-0: Ball 1-0: Ball 2-0: Ball 3-0: Called Strike 3-1: Ground out 6-3 (Groundball, 6, EV 79.4 MPH)
|
| Top of the 1st over - 0 runs, 0 hits, 0 errors, 0 left on base; Bluefield 0 - Oakland (APP) 0 |
| BOTTOM OF THE 1ST |
|
Oakland (APP) Athletics batting - Pitching for Bluefield Blue Jays : LHP Jon Moore
|
|
Pitching: LHP Jon Moore
|
|
|
Batting: RHB Steve Blackshear
|
0-0: Ball 1-0: Foul Ball, location: 2F 1-1: Ball 2-1: Ball 3-1: TRIPLE (Flyball, 78XD, EV 102.5 MPH)
|
|
Batting: RHB Colin Coleman
|
0-0: Ball 1-0: Ball 2-0: Called Strike 2-1: Called Strike 2-2: Ground out 6-3 (Groundball, P, EV 89.4 MPH) Steve Blackshear scores
|
|
Batting: RHB Matt Black
|
0-0: SOLO HOME RUN (Flyball, 7D, EV 98.8 MPH), Distance : 376 ft
|
|
Batting: RHB Josh Whaley
|
0-0: Called Strike 0-1: Called Strike 0-2: Ball 1-2: Ball 2-2: Ball 3-2: Fly out, F7 (Flyball, 7LS, EV 93.8 MPH)
|
|
Batting: LHB Augustin Cormier
|
0-0: Ball 1-0: Ball 2-0: Ball 3-0: Base on Balls
|
|
Batting: LHB Al Soltero
|
0-0: Ball 1-0: Foul Ball, location: 2F 1-1: Foul Ball, location: 2F 1-2: Ball 2-2: Fly out, F9 (Flyball, 89D, EV 105.6 MPH)
|
| Bottom of the 1st over - 2 runs, 2 hits, 0 errors, 1 left on base; Bluefield 0 - Oakland (APP) 2 |
| TOP OF THE 2ND |
|
Bluefield Blue Jays batting - Pitching for Oakland (APP) Athletics : RHP Kyle Rasor
|
|
Batting: RHB Jordan Fairburn
|
0-0: Ball 1-0: Foul Ball, location: 2F 1-1: Foul Ball, location: 2F 1-2: Foul Ball, location: 2F 1-2: Foul Ball, location: 2F 1-2: Ball 2-2: Foul Ball, location: 2F 2-2: Ground out 4-3 (Groundball, 4, EV 90.6 MPH)
|
|
Batting: SHB Jack Andrews
|
0-0: Called Strike 0-1: SINGLE (Line Drive, 7, EV 98.8 MPH)
|
|
Batting: RHB Mike Johnson
|
0-0: Called Strike 0-1: Ball 1-1: Foul Ball, location: 2F 1-2: Fielders Choice at 2nd, 5-4 (Groundball, 56, EV 79.4 MPH)
|
|
Batting: SHB Ryan Chicoine
|
0-0: Ball 1-0: Called Strike 1-1: Called Strike 1-2: Strikes out swinging
|
| Top of the 2nd over - 0 runs, 1 hit, 0 errors, 1 left on base; Bluefield 0 - Oakland (APP) 2 |
| BOTTOM OF THE 2ND |
|
Oakland (APP) Athletics batting - Pitching for Bluefield Blue Jays : LHP Jon Moore
|
|
Batting: RHB Chris Temple
|
0-0: Ball 1-0: Ground out 4-3 (Groundball, 4M, EV 99.4 MPH)
|
|
Batting: RHB Branden Mackie
|
0-0: Called Strike 0-1: Foul Ball, location: 2F 0-2: Ball 1-2: Foul Ball, location: 2F 1-2: Foul Ball, location: 2F 1-2: Ball 2-2: Strikes out swinging
|
|
Batting: LHB Mark Friedmann
|
0-0: Foul Ball, location: 2F 0-1: Ground out 6-3 (Groundball, 6M, EV 107.5 MPH)
|
| Bottom of the 2nd over - 0 runs, 0 hits, 0 errors, 0 left on base; Bluefield 0 - Oakland (APP) 2 |
| TOP OF THE 3RD |
|
Bluefield Blue Jays batting - Pitching for Oakland (APP) Athletics : RHP Kyle Rasor
|
|
Batting: RHB Wade Diamond
|
0-0: Called Strike 0-1: Ball 1-1: Foul Ball, location: 2F 1-2: Foul Ball, location: 2F 1-2: Ball 2-2: Ball 3-2: Foul Ball, location: 2F 3-2: Strikes out looking
|
|
Batting: RHB Tokuji Kawabata
|
0-0: Ball 1-0: Fly out, F6 (Popup, 56, EV 60.6 MPH)
|
|
Batting: RHB Justin Geiger
|
0-0: Called Strike 0-1: Ground out 6-3 (Groundball, 6, EV 78.8 MPH)
|
| Top of the 3rd over - 0 runs, 0 hits, 0 errors, 0 left on base; Bluefield 0 - Oakland (APP) 2 |
| BOTTOM OF THE 3RD |
|
Oakland (APP) Athletics batting - Pitching for Bluefield Blue Jays : LHP Jon Moore
|
|
Batting: RHB Steve Blackshear
|
0-0: Ball 1-0: Ball 2-0: Ball 3-0: Base on Balls
|
|
Batting: RHB Colin Coleman
|
0-0: Ball 1-0: Fly out, F7 (Flyball, 78D, EV 100.6 MPH)
|
|
Batting: RHB Matt Black
|
0-0: Ball 1-0: Called Strike 1-1: Called Strike 1-2: Foul Ball, location: 2F 1-2: Foul Ball, location: 2F 1-2: Ball 2-2: Ball 3-2: Foul Ball, location: 2F 3-2: Foul Ball, location: 2F 3-2: Fly out, F8 (Line Drive, 8RM, EV 105.6 MPH)
|
|
Batting: RHB Josh Whaley
|
0-0: Called Strike 0-1: Called Strike 0-2: Foul Ball, location: 2F 0-2: Strikes out swinging
|
| Bottom of the 3rd over - 0 runs, 0 hits, 0 errors, 1 left on base; Bluefield 0 - Oakland (APP) 2 |
| TOP OF THE 4TH |
|
Bluefield Blue Jays batting - Pitching for Oakland (APP) Athletics : RHP Kyle Rasor
|
|
Batting: RHB Justin Powell
|
0-0: Ball 1-0: Ball 2-0: Swinging Strike 2-1: Swinging Strike 2-2: Ground out 6-3 (Groundball, 56, EV 85.6 MPH)
|
|
Batting: RHB Taylor Peavey
|
0-0: Ball 1-0: Ball 2-0: Foul Ball, location: 2F 2-1: Ball 3-1: Reached on error, E6 (Groundball, 6, EV 105.6 MPH)
|
|
Batting: RHB Jordan Fairburn
|
0-0: Called Strike 0-1: Foul Ball, location: 2F 0-2: Strikes out looking
|
|
Batting: SHB Jack Andrews
|
0-0: 2-RUN HOME RUN (Flyball, 9D, EV 98.1 MPH), Distance : 350 ft
|
|
Batting: RHB Mike Johnson
|
0-0: Ball 1-0: Called Strike 1-1: Ball 2-1: SINGLE (Line Drive, 8RS, EV 91.9 MPH)
|
|
Batting: SHB Ryan Chicoine
|
0-0: Called Strike 0-1: Ball Mike Johnson is caught stealing 2nd base 2-6
|
| Top of the 4th over - 2 runs, 2 hits, 1 error, 0 left on base; Bluefield 2 - Oakland (APP) 2 |
| BOTTOM OF THE 4TH |
|
Oakland (APP) Athletics batting - Pitching for Bluefield Blue Jays : LHP Jon Moore
|
|
Batting: LHB Augustin Cormier
|
0-0: Called Strike 0-1: Ball 1-1: Ball 2-1: Ball 3-1: Called Strike 3-2: Foul Ball, location: 2F 3-2: Base on Balls
|
|
Batting: LHB Al Soltero
|
0-0: Foul Ball, location: 2F 0-1: Ball 1-1: Ball 2-1: Swinging Strike 2-2: Foul Ball, location: 2F 2-2: Foul Ball, location: 2F 2-2: Foul Ball, location: 2F 2-2: Ball 3-2: Strikes out swinging
|
|
Batting: RHB Chris Temple
|
0-0: Ball 1-0: Ball 2-0: Hit by Pitch Augustin Cormier to second
|
|
Batting: RHB Branden Mackie
|
0-0: Called Strike 0-1: Called Strike 0-2: Strikes out swinging
|
|
Batting: LHB Mark Friedmann
|
0-0: Called Strike 0-1: Foul Ball, location: 2F 0-2: Strikes out swinging
|
| Bottom of the 4th over - 0 runs, 0 hits, 0 errors, 2 left on base; Bluefield 2 - Oakland (APP) 2 |
| TOP OF THE 5TH |
|
Bluefield Blue Jays batting - Pitching for Oakland (APP) Athletics : RHP Kyle Rasor
|
|
Batting: SHB Ryan Chicoine
|
0-0: Ball 1-0: Fly out, F9 (Flyball, 9LM, EV 90.0 MPH)
|
|
Batting: RHB Wade Diamond
|
0-0: Ball 1-0: Foul Ball, location: 2F 1-1: Foul Ball, location: 2F 1-2: Ball 2-2: Strikes out looking
|
|
Batting: RHB Tokuji Kawabata
|
0-0: Called Strike 0-1: Ground out 6-3 (Groundball, 6, EV 96.9 MPH)
|
| Top of the 5th over - 0 runs, 0 hits, 0 errors, 0 left on base; Bluefield 2 - Oakland (APP) 2 |
| BOTTOM OF THE 5TH |
|
Oakland (APP) Athletics batting - Pitching for Bluefield Blue Jays : LHP Jon Moore
|
|
Batting: RHB Steve Blackshear
|
0-0: Ball 1-0: Called Strike 1-1: Ball 2-1: Ground out 5-3 (Groundball, 56, EV 90.6 MPH)
|
|
Batting: RHB Colin Coleman
|
0-0: Called Strike 0-1: Ground out 2-3 (Groundball, 2L, EV 71.9 MPH)
|
|
Batting: RHB Matt Black
|
0-0: Called Strike 0-1: Called Strike 0-2: Ball 1-2: Strikes out swinging
|
| Bottom of the 5th over - 0 runs, 0 hits, 0 errors, 0 left on base; Bluefield 2 - Oakland (APP) 2 |
| TOP OF THE 6TH |
|
Bluefield Blue Jays batting - Pitching for Oakland (APP) Athletics : RHP Kyle Rasor
|
|
Batting: RHB Justin Geiger
|
0-0: Called Strike 0-1: Ball 1-1: Ball 2-1: Ball 3-1: Called Strike 3-2: SINGLE (Groundball, 6D, EV 100.0 MPH)
|
|
Batting: RHB Justin Powell
|
0-0: Called Strike Justin Geiger steals 2nd base (no throw) 0-1: Ground out 4-3 (Groundball, 4, EV 86.3 MPH) Justin Geiger to third
|
|
Batting: RHB Taylor Peavey
|
0-0: Fly out, F7 (Line Drive, 7, EV 97.5 MPH) Runner from 3rd tags up, OUT at HOME! 7-2
|
| Top of the 6th over - 0 runs, 1 hit, 0 errors, 0 left on base; Bluefield 2 - Oakland (APP) 2 |
| BOTTOM OF THE 6TH |
|
Oakland (APP) Athletics batting - Pitching for Bluefield Blue Jays : LHP Jon Moore
|
|
Batting: RHB Josh Whaley
|
0-0: Ball 1-0: Called Strike 1-1: Ball 2-1: Foul Ball, location: 2F 2-2: Ball 3-2: Base on Balls
|
|
Batting: LHB Augustin Cormier
|
0-0: Ball 1-0: Called Strike 1-1: Ball 2-1: Called Strike 2-2: Ball 3-2: Grounds into double play, 5-6-3 (Groundball, 56, EV 103.8 MPH)
|
|
Batting: LHB Al Soltero
|
0-0: Ball 1-0: Ball 2-0: Called Strike 2-1: Called Strike 2-2: Foul Ball, location: 2F 2-2: Foul Ball, location: 2F 2-2: Ball 3-2: Strikes out looking
|
| Bottom of the 6th over - 0 runs, 0 hits, 0 errors, 0 left on base; Bluefield 2 - Oakland (APP) 2 |
| TOP OF THE 7TH |
|
Bluefield Blue Jays batting - Pitching for Oakland (APP) Athletics : RHP Kyle Rasor
|
|
Batting: RHB Jordan Fairburn
|
0-0: Swinging Strike 0-1: Ball 1-1: Foul Ball, location: 2F 1-2: Ball 2-2: Foul Ball, location: 2F 2-2: Ball 3-2: Base on Balls
|
|
Batting: SHB Jack Andrews
|
0-0: Called Strike 0-1: Called Strike Jordan Fairburn steals 2nd base 0-2: Strikes out swinging
|
|
Batting: RHB Mike Johnson
|
0-0: Swinging Strike 0-1: Ball 1-1: Ball 2-1: SINGLE (Groundball, 6MD, EV 105.6 MPH) Jordan Fairburn to third
|
|
Batting: SHB Ryan Chicoine
|
0-0: Called Strike 0-1: Called Strike 0-2: Ball 1-2: Ball 2-2: Ball 3-2: Base on Balls Mike Johnson to second
|
|
Batting: RHB Wade Diamond
|
0-0: Ball 1-0: Foul Ball, location: 2F 1-1: DOUBLE (Flyball, 5D, EV 97.5 MPH) Jordan Fairburn scores Mike Johnson scores Ryan Chicoine to third
|
|
Batting: RHB Tokuji Kawabata
|
0-0: Ball 1-0: Ball 2-0: Called Strike 2-1: Fly out, F8 (Flyball, 8RXD, EV 97.5 MPH) Runner from 3rd tags up, SCORES, no throw by CF Wade Diamond to third
|
|
Batting: RHB Justin Geiger
|
0-0: Ball 1-0: Called Strike 1-1: Ball 2-1: Fly out, F8 (Flyball, 8LXD, EV 103.1 MPH)
|
| Top of the 7th over - 3 runs, 2 hits, 0 errors, 1 left on base; Bluefield 5 - Oakland (APP) 2 |
| BOTTOM OF THE 7TH |
|
Oakland (APP) Athletics batting - Pitching for Bluefield Blue Jays : LHP Jon Moore
|
|
Pitching: RHP Jose Ramos
|
|
|
Now at 2B: Gary Wilson
|
|
|
Now at SS: Jordan Fairburn
|
|
|
Now in LF: Wade Diamond
|
|
|
Now in CF: Jose Ontiveros
|
|
|
Batting: RHB Chris Temple
|
0-0: Ball 1-0: Called Strike 1-1: Swinging Strike 1-2: Strikes out swinging
|
|
Batting: RHB Branden Mackie
|
0-0: Ball 1-0: Ball 2-0: Called Strike 2-1: Ball 3-1: Base on Balls
|
|
Batting: LHB Mark Friedmann
|
0-0: Called Strike 0-1: Fly out, F8 (Flyball, 8LXD, EV 89.4 MPH)
|
|
Batting: RHB Steve Blackshear
|
0-0: Foul Ball, location: 2F 0-1: Swinging Strike 0-2: Ball 1-2: Strikes out swinging
|
| Bottom of the 7th over - 0 runs, 0 hits, 0 errors, 1 left on base; Bluefield 5 - Oakland (APP) 2 |
| TOP OF THE 8TH |
|
Bluefield Blue Jays batting - Pitching for Oakland (APP) Athletics : RHP Kyle Rasor
|
|
Pitching: LHP David Arnold
|
|
|
Batting: RHB Justin Powell
|
0-0: Foul Ball, location: 2F 0-1: Ball 1-1: Ball 2-1: Ball 3-1: Fly out, F9 (Flyball, 89M, EV 94.4 MPH)
|
|
Batting: RHB Taylor Peavey
|
0-0: Ball 1-0: Swinging Strike 1-1: Called Strike 1-2: Foul Ball, location: 2F 1-2: Ball 2-2: Foul Ball, location: 2F 2-2: Ball 3-2: Foul Ball, location: 2F 3-2: Fly out, F8 (Flyball, 78D, EV 90.0 MPH)
|
|
Batting: RHB Jordan Fairburn
|
0-0: Ball 1-0: Called Strike 1-1: Called Strike 1-2: Ball 2-2: Foul Ball, location: 2F 2-2: Ball 3-2: Base on Balls
|
|
Batting: SHB Jack Andrews
|
0-0: Swinging Strike 0-1: Foul Ball, location: 2F 0-2: Ball 1-2: Ball 2-2: Strikes out swinging
|
| Top of the 8th over - 0 runs, 0 hits, 0 errors, 1 left on base; Bluefield 5 - Oakland (APP) 2 |
| BOTTOM OF THE 8TH |
|
Oakland (APP) Athletics batting - Pitching for Bluefield Blue Jays : RHP Jose Ramos
|
|
Pitching: RHP Dave Kurtz
|
|
|
Batting: RHB Colin Coleman
|
0-0: Ball 1-0: Called Strike 1-1: SINGLE (Flyball, 6D, EV 95.6 MPH)
|
|
Batting: RHB Matt Black
|
0-0: Ball 1-0: Ball 2-0: Swinging Strike 2-1: Ball 3-1: Foul Ball, location: 2F 3-2: Foul Ball, location: 2F 3-2: Strikes out swinging
|
|
Batting: RHB Josh Whaley
|
0-0: Ball 1-0: Called Strike 1-1: Ball 2-1: Ball 3-1: Base on Balls Colin Coleman to second
|
|
Batting: LHB Augustin Cormier
|
0-0: Called Strike 0-1: SINGLE (Groundball, 4MS, EV 66.3 MPH) (infield hit) Colin Coleman to third Josh Whaley to second
|
|
Pitching: LHP Akinori Morikawa
|
|
|
Pinch Hitting: RHB Tetsuya Shinoda
|
0-0: Called Strike 0-1: Ball 1-1: Ball 2-1: Foul Ball, location: 2F 2-2: Grounds into double play, 4-2-3 (Groundball, 4, EV 88.1 MPH)
|
| Bottom of the 8th over - 0 runs, 2 hits, 0 errors, 2 left on base; Bluefield 5 - Oakland (APP) 2 |
| TOP OF THE 9TH |
|
Bluefield Blue Jays batting - Pitching for Oakland (APP) Athletics : LHP David Arnold
|
|
Now in LF: Walt Alaniz
|
|
|
Batting: RHB Gary Wilson
|
0-0: Called Strike 0-1: Ball 1-1: Foul Ball, location: 2F 1-2: Foul Ball, location: 2F 1-2: SINGLE (Line Drive, 7S, EV 92.5 MPH)
|
|
Batting: SHB Ryan Chicoine
|
0-0: Bunted foul 0-1: Ball 1-1: Ball 2-1: Bunted foul 2-2: Grounds into double play, 4-6-3 (Groundball, 13, EV 90.0 MPH)
|
|
Batting: RHB Wade Diamond
|
0-0: Ball 1-0: Called Strike 1-1: Fly out, F8 (Line Drive, 8LM, EV 107.5 MPH)
|
| Top of the 9th over - 0 runs, 1 hit, 0 errors, 0 left on base; Bluefield 5 - Oakland (APP) 2 |
| BOTTOM OF THE 9TH |
|
Oakland (APP) Athletics batting - Pitching for Bluefield Blue Jays : LHP Akinori Morikawa
|
|
Pitching: LHP Dylan Batstone
|
|
|
Batting: RHB Chris Temple
|
0-0: Ground out 6-3 (Groundball, 6, EV 80.0 MPH)
|
|
Batting: RHB Branden Mackie
|
0-0: Foul Ball, location: 2F 0-1: Ball 1-1: Ball 2-1: Ball 3-1: Base on Balls
|
|
Pinch Hitting: RHB Jon Coleman
|
0-0: Called Strike 0-1: Fielders Choice at 2nd, 3-6 (Groundball, 34, EV 87.5 MPH)
|
|
Batting: RHB Steve Blackshear
|
0-0: Ball 1-0: Called Strike 1-1: Foul Ball, location: 2F 1-2: Strikes out swinging
|
| Bottom of the 9th over - 0 runs, 0 hits, 0 errors, 1 left on base; Bluefield 5 - Oakland (APP) 2 |
|